MID
GREENVILLE DRIVE @ BELOIT SNAPPERS
07/13/2044
 
TOP OF THE 1ST
Greenville Drive batting - Pitching for Beloit Snappers : RHP Theodore Behr
Pitching: RHP Theodore Behr
Batting: RHB Larry Brocato 0-0: Ball
1-0: Ball
2-0: Ground out 5-3 (Groundball, 56, EV 102.5 MPH)
Batting: LHB Sergio Tinoco 0-0: Foul Ball, location: 2F
0-1: Ball
1-1: Swinging Strike
1-2: Strikes out swinging
Batting: RHB Devon Fourcade 0-0: Called Strike
0-1: Swinging Strike
0-2: Strikes out swinging
Top of the 1st over - 0 runs, 0 hits, 0 errors, 0 left on base; Greenville 0 - Beloit 0
BOTTOM OF THE 1ST
Beloit Snappers batting - Pitching for Greenville Drive : RHP Steve Capizzi
Pitching: RHP Steve Capizzi
Batting: RHB Willie de los Santos 0-0: Ball
1-0: SINGLE (Line Drive, 8LM, EV 110.6 MPH)
Batting: RHB Dan Boylan 0-0: Ball
1-0: Called Strike
1-1: Ball
2-1: Ball
3-1: Swinging Strike
3-2: Fly out, F4 (Popup, 4S, EV 81.9 MPH)
Batting: RHB Diwan Abdul-Salam 0-0: Ball
Willie de los Santos is caught stealing 2nd base 2-4
1-0: Swinging Strike
1-1: Ground out 6-3 (Groundball, 4M, EV 88.1 MPH)
Bottom of the 1st over - 0 runs, 1 hit, 0 errors, 0 left on base; Greenville 0 - Beloit 0
TOP OF THE 2ND
Greenville Drive batting - Pitching for Beloit Snappers : RHP Theodore Behr
Batting: RHB David Clark 0-0: Swinging Strike
0-1: Foul Ball, location: 2F
0-2: Strikes out swinging
Batting: RHB Mike Cavagnaro 0-0: Called Strike
0-1: Called Strike
0-2: Ball
1-2: Foul Ball, location: 2F
1-2: Fly out, F3 (Popup, 3SF, EV 70.0 MPH)
Batting: RHB John Chiesa 0-0: Foul Ball, location: 2F
0-1: Ground out 6-3 (Groundball, 6S, EV 65.0 MPH)
Top of the 2nd over - 0 runs, 0 hits, 0 errors, 0 left on base; Greenville 0 - Beloit 0
BOTTOM OF THE 2ND
Beloit Snappers batting - Pitching for Greenville Drive : RHP Steve Capizzi
Batting: RHB Scott Wiggs 0-0: Called Strike
0-1: Ball
1-1: Called Strike
1-2: Strikes out looking
Batting: RHB Manny Vizzerra 0-0: Ball
1-0: Called Strike
1-1: Ball
2-1: Swinging Strike
2-2: Ball
3-2: SOLO HOME RUN (Flyball, 7D, EV 99.4 MPH), Distance : 369 ft
Batting: RHB Kyle Waters 0-0: Swinging Strike
0-1: Foul Ball, location: 2F
0-2: Fly out, F7 (Flyball, 7, EV 95.0 MPH)
Batting: LHB Raita Inouye 0-0: Ball
1-0: Called Strike
1-1: Ball
2-1: SINGLE (Groundball, 34D, EV 104.4 MPH)
Batting: RHB Travis Lanctot 0-0: Ball
Raita Inouye steals 2nd base
1-0: Called Strike
1-1: Ball
2-1: Ball
3-1: Foul Ball, location: 2F
3-2: Ground out 4-3 (Groundball, 4, EV 106.3 MPH)
Bottom of the 2nd over - 1 run, 2 hits, 0 errors, 1 left on base; Greenville 0 - Beloit 1
TOP OF THE 3RD
Greenville Drive batting - Pitching for Beloit Snappers : RHP Theodore Behr
Batting: RHB Adugna Chandu 0-0: Called Strike
0-1: Called Strike
0-2: Ball
1-2: Ball
2-2: Foul Ball, location: 2F
2-2: Strikes out swinging
Batting: RHB Sugao Hira 0-0: Called Strike
0-1: Swinging Strike
0-2: Ball
1-2: Ball
2-2: Foul Ball, location: 2F
2-2: Strikes out swinging
Batting: RHB Erik Nunez 0-0: Ball
1-0: Foul Ball, location: 2F
1-1: Ball
2-1: Ball
3-1: Swinging Strike
3-2: Foul Ball, location: 2F
3-2: Ground out 5-3 (Groundball, 56S, EV 85.0 MPH)
Top of the 3rd over - 0 runs, 0 hits, 0 errors, 0 left on base; Greenville 0 - Beloit 1
BOTTOM OF THE 3RD
Beloit Snappers batting - Pitching for Greenville Drive : RHP Steve Capizzi
Batting: RHB Brian Rathbun 0-0: Ground out 3-1 (Groundball, 34, EV 84.4 MPH)
Batting: RHB Willie de los Santos 0-0: SINGLE (Groundball, 34S, EV 81.3 MPH) (infield hit)
Batting: RHB Dan Boylan 0-0: Ball
Willie de los Santos steals 2nd base
1-0: Ground out 6-3 (Groundball, 6S, EV 63.8 MPH)
Willie de los Santos to third
Batting: RHB Diwan Abdul-Salam 0-0: Ball
1-0: Ground out 5-3 (Groundball, 56, EV 81.9 MPH)
Bottom of the 3rd over - 0 runs, 1 hit, 0 errors, 1 left on base; Greenville 0 - Beloit 1
TOP OF THE 4TH
Greenville Drive batting - Pitching for Beloit Snappers : RHP Theodore Behr
Batting: RHB Larry Brocato 0-0: Ball
1-0: Called Strike
1-1: Called Strike
1-2: Ground out 3-1 (Groundball, 34S, EV 81.9 MPH)
Batting: LHB Sergio Tinoco 0-0: Called Strike
0-1: Ball
1-1: Foul Ball, location: 2F
1-2: Strikes out swinging
Batting: RHB Devon Fourcade 0-0: Ball
1-0: Ball
2-0: Called Strike
2-1: Ball
3-1: Fly out, F9 (Flyball, 9D, EV 86.3 MPH)
Top of the 4th over - 0 runs, 0 hits, 0 errors, 0 left on base; Greenville 0 - Beloit 1
BOTTOM OF THE 4TH
Beloit Snappers batting - Pitching for Greenville Drive : RHP Steve Capizzi
Batting: RHB Scott Wiggs 0-0: Foul Ball, location: 2F
0-1: Ball
1-1: Foul Ball, location: 2F
1-2: Ball
2-2: Ball
3-2: Base on Balls
Batting: RHB Manny Vizzerra 0-0: Called Strike
0-1: Ball
Scott Wiggs is caught stealing 2nd base 2-4
1-1: Foul Ball, location: 2F
1-2: Foul Ball, location: 2F
1-2: Ball
2-2: Ground out 6-3 (Groundball, 56, EV 104.4 MPH)
Batting: RHB Kyle Waters 0-0: Called Strike
0-1: Ball
1-1: Ball
2-1: Foul Ball, location: 2F
2-2: Foul Ball, location: 2F
2-2: Ball
3-2: Strikes out swinging
Bottom of the 4th over - 0 runs, 0 hits, 0 errors, 0 left on base; Greenville 0 - Beloit 1
TOP OF THE 5TH
Greenville Drive batting - Pitching for Beloit Snappers : RHP Theodore Behr
Batting: RHB David Clark 0-0: Ball
1-0: Called Strike
1-1: Foul Ball, location: 2F
1-2: Fly out, F4 (Popup, 34S, EV 79.4 MPH)
Batting: RHB Mike Cavagnaro 0-0: DOUBLE (Line Drive, 8RD, EV 100.6 MPH)
Batting: RHB John Chiesa 0-0: Ball
1-0: Called Strike
1-1: Foul Ball, location: 2F
1-2: Strikes out swinging
Batting: RHB Adugna Chandu 0-0: Ball
1-0: Called Strike
1-1: Ball
2-1: Ball
3-1: Called Strike
3-2: Ground out 3-1 (Groundball, 34, EV 103.1 MPH)
Top of the 5th over - 0 runs, 1 hit, 0 errors, 1 left on base; Greenville 0 - Beloit 1
BOTTOM OF THE 5TH
Beloit Snappers batting - Pitching for Greenville Drive : RHP Steve Capizzi
Batting: LHB Raita Inouye 0-0: Called Strike
0-1: Called Strike
0-2: Ball
1-2: Ball
2-2: Ball
3-2: SINGLE (Groundball, 4MD, EV 103.8 MPH)
Batting: RHB Travis Lanctot 0-0: Called Strike
0-1: Ball
1-1: Ball
2-1: Ball
3-1: Foul Ball, location: 2F
3-2: Foul Ball, location: 2F
3-2: Ground out 5-3 (Groundball, 56S, EV 73.8 MPH)
Raita Inouye to second
Batting: RHB Brian Rathbun 0-0: Ball
1-0: Called Strike
1-1: Called Strike
1-2: Fly out, F8 (Line Drive, 8RD, EV 87.5 MPH)
Runner from 2nd tags up, OUT at 3rd! 8-5
Bottom of the 5th over - 0 runs, 1 hit, 0 errors, 0 left on base; Greenville 0 - Beloit 1
TOP OF THE 6TH
Greenville Drive batting - Pitching for Beloit Snappers : RHP Theodore Behr
Batting: RHB Sugao Hira 0-0: Called Strike
0-1: Ground out 6-3 (Groundball, 56, EV 103.1 MPH)
Batting: RHB Erik Nunez 0-0: Ground out 4-3 (Groundball, 4, EV 89.4 MPH)
Batting: RHB Larry Brocato 0-0: Ball
1-0: Ball
2-0: Fly out, F8 (Flyball, 8RD, EV 93.8 MPH)
Top of the 6th over - 0 runs, 0 hits, 0 errors, 0 left on base; Greenville 0 - Beloit 1
BOTTOM OF THE 6TH
Beloit Snappers batting - Pitching for Greenville Drive : RHP Steve Capizzi
Batting: RHB Willie de los Santos 0-0: Ball
1-0: Called Strike
1-1: Swinging Strike
1-2: Ball
2-2: Foul Ball, location: 2F
2-2: Ball
3-2: Strikes out looking
Batting: RHB Dan Boylan 0-0: Ball
1-0: Called Strike
1-1: Ball
2-1: Called Strike
2-2: Strikes out swinging
Batting: RHB Diwan Abdul-Salam 0-0: Called Strike
0-1: SINGLE (Groundball, 4D, EV 98.8 MPH)
Batting: RHB Scott Wiggs Pickoff Throw to First - Out! 1-3
Bottom of the 6th over - 0 runs, 1 hit, 0 errors, 0 left on base; Greenville 0 - Beloit 1
TOP OF THE 7TH
Greenville Drive batting - Pitching for Beloit Snappers : RHP Theodore Behr
Batting: LHB Sergio Tinoco 0-0: Ball
1-0: Ball
2-0: Ball
3-0: Called Strike
3-1: Called Strike
3-2: Strikes out swinging
Batting: RHB Devon Fourcade 0-0: Foul Ball, location: 2F
0-1: Ball
1-1: Ball
2-1: DOUBLE (Line Drive, 7LM, EV 111.9 MPH)
Pitching: RHP Rich Reinbolt
Batting: RHB David Clark 0-0: Ground out 4-3 (Groundball, 34, EV 83.8 MPH)
Devon Fourcade to third
Batting: RHB Mike Cavagnaro 0-0: SINGLE (Groundball, 4MD, EV 96.3 MPH)
Devon Fourcade scores
Batting: RHB John Chiesa 0-0: Ball
1-0: Ball
2-0: Called Strike
2-1: Foul Ball, location: 2F
2-2: Strikes out looking
Top of the 7th over - 1 run, 2 hits, 0 errors, 1 left on base; Greenville 1 - Beloit 1
BOTTOM OF THE 7TH
Beloit Snappers batting - Pitching for Greenville Drive : RHP Steve Capizzi
Pitching: LHP Dave Martin
Batting: RHB Scott Wiggs 0-0: Foul Ball, location: 2F
0-1: Swinging Strike
0-2: Foul Ball, location: 2F
0-2: Foul Ball, location: 2F
0-2: Foul Ball, location: 2F
0-2: Foul Ball, location: 2F
0-2: Strikes out looking
Batting: RHB Manny Vizzerra 0-0: Ball
1-0: Foul Ball, location: 2F
1-1: Foul Ball, location: 2F
1-2: Strikes out swinging
Batting: RHB Kyle Waters 0-0: Ball
1-0: Ball
2-0: Foul Ball, location: 2F
2-1: Ball
3-1: Foul Ball, location: 2F
3-2: Foul Ball, location: 2F
3-2: Strikes out swinging
Bottom of the 7th over - 0 runs, 0 hits, 0 errors, 0 left on base; Greenville 1 - Beloit 1
TOP OF THE 8TH
Greenville Drive batting - Pitching for Beloit Snappers : RHP Rich Reinbolt
Batting: RHB Adugna Chandu 0-0: Swinging Strike
0-1: Foul Ball, location: 2F
0-2: Ball
1-2: Foul Ball, location: 2F
1-2: Foul Ball, location: 2F
1-2: Foul Ball, location: 2F
1-2: Fly out, F8 (Line Drive, 8LM, EV 86.9 MPH)
Batting: RHB Sugao Hira 0-0: Called Strike
0-1: Called Strike
0-2: Foul Ball, location: 2F
0-2: Ball
1-2: Ball
2-2: Ball
3-2: Strikes out swinging
Pinch Hitting: LHB Masumi Abe 0-0: Ground out U3 (Groundball, 3L, EV 83.8 MPH)
Top of the 8th over - 0 runs, 0 hits, 0 errors, 0 left on base; Greenville 1 - Beloit 1
BOTTOM OF THE 8TH
Beloit Snappers batting - Pitching for Greenville Drive : LHP Dave Martin
Now at 3B: David Norum
Pinch Hitting: RHB Moses Brokken 0-0: Called Strike
0-1: Swinging Strike
0-2: Ball
1-2: Ball
2-2: Ball
3-2: Strikes out swinging, 2-3 out at first.
Batting: RHB Travis Lanctot 0-0: Called Strike
0-1: Swinging Strike
0-2: Ball
1-2: Strikes out looking
Batting: RHB Brian Rathbun 0-0: Ball
1-0: Called Strike
1-1: Called Strike
1-2: Ground out 4-3 (Groundball, 4, EV 85.0 MPH)
Bottom of the 8th over - 0 runs, 0 hits, 0 errors, 0 left on base; Greenville 1 - Beloit 1
TOP OF THE 9TH
Greenville Drive batting - Pitching for Beloit Snappers : RHP Rich Reinbolt
Pitching: RHP Ubbe Dekker
Now in CF: Rick Linders
Batting: RHB Larry Brocato 0-0: Called Strike
0-1: Ball
1-1: Swinging Strike
1-2: Foul Ball, location: 2F
1-2: Strikes out swinging
Batting: LHB Sergio Tinoco 0-0: Ball
1-0: Foul Ball, location: 2F
1-1: Swinging Strike
1-2: Foul Ball, location: 2F
1-2: Ball
2-2: Strikes out looking
Batting: RHB Devon Fourcade 0-0: Swinging Strike
0-1: Ball
1-1: Ground out 1-3 (Groundball, 13, EV 61.9 MPH)
Top of the 9th over - 0 runs, 0 hits, 0 errors, 0 left on base; Greenville 1 - Beloit 1
BOTTOM OF THE 9TH
Beloit Snappers batting - Pitching for Greenville Drive : LHP Dave Martin
Pitching: RHP Roberto Morales
Batting: RHB Willie de los Santos 0-0: Fly out, F9 (Flyball, 89S, EV 92.5 MPH)
Pinch Hitting: SHB D.J. Codd 0-0: Ball
1-0: Ball
2-0: Called Strike
2-1: Foul Ball, location: 2F
2-2: Ball
3-2: Foul Ball, location: 2F
3-2: Foul Ball, location: 2F
3-2: Base on Balls
Batting: RHB Diwan Abdul-Salam 0-0: Called Strike
0-1: Ball
1-1: Ball
2-1: Called Strike
2-2: Ball
3-2: Foul Ball, location: 2F
3-2: Fly out, F9 (Line Drive, 9, EV 98.8 MPH)
Batting: RHB Scott Wiggs 0-0: Called Strike
0-1: Ball
1-1: Ground out 4-3 (Groundball, 4, EV 91.9 MPH)
Bottom of the 9th over - 0 runs, 0 hits, 0 errors, 1 left on base; Greenville 1 - Beloit 1
TOP OF THE 10TH
Greenville Drive batting - Pitching for Beloit Snappers : RHP Ubbe Dekker
Now in RF: D.J. Codd
Batting: RHB David Clark 0-0: Called Strike
0-1: Ground out 6-3 (Groundball, 56, EV 96.3 MPH)
Batting: RHB Mike Cavagnaro 0-0: Called Strike
0-1: Ball
1-1: Swinging Strike
1-2: Ground out 3-1 (Groundball, 34, EV 100.0 MPH)
Batting: RHB John Chiesa 0-0: SINGLE (Line Drive, 7S, EV 99.4 MPH)
Batting: RHB Adugna Chandu 0-0: Ball
John Chiesa steals 2nd base
1-0: Ball
2-0: Called Strike
2-1: Called Strike
2-2: Foul Ball, location: 2F
2-2: Ground out U3 (Groundball, 34, EV 79.4 MPH)
Top of the 10th over - 0 runs, 1 hit, 0 errors, 1 left on base; Greenville 1 - Beloit 1
BOTTOM OF THE 10TH
Beloit Snappers batting - Pitching for Greenville Drive : RHP Roberto Morales
Batting: LHB Nick Pacheco 0-0: Foul Ball, location: 2F
0-1: Ball
1-1: Foul Ball, location: 2F
1-2: Strikes out swinging
Pinch Hitting: LHB Tom Raupp 0-0: Foul Ball, location: 2F
0-1: Ball
1-1: Swinging Strike
1-2: Foul Ball, location: 2F
1-2: Ball
2-2: Strikes out swinging
Batting: RHB Rick Linders 0-0: Ball
1-0: Swinging Strike
1-1: Swinging Strike
1-2: Strikes out swinging
Bottom of the 10th over - 0 runs, 0 hits, 0 errors, 0 left on base; Greenville 1 - Beloit 1
TOP OF THE 11TH
Greenville Drive batting - Pitching for Beloit Snappers : RHP Ubbe Dekker
Now at 1B: Jim Conrad
Batting: RHB Sugao Hira 0-0: Called Strike
0-1: Foul Ball, location: 2F
0-2: Ball
1-2: Ball
2-2: Ball
3-2: Base on Balls
Batting: RHB David Norum 0-0: Ball
1-0: Bunted foul
1-1: Bunt missed!
1-2: Ball
2-2: Foul Ball, location: 2F
2-2: Foul Ball, location: 2F
2-2: Strikes out looking
Pitching: RHP C.J. Ledger
Batting: RHB Larry Brocato 0-0: Ball
1-0: Ball
2-0: Sac Bunt to 13S - play at first, batter OUT! 1-4
Sugao Hira to second
Batting: LHB Sergio Tinoco 0-0: Ball
1-0: Ball
2-0: Ball
3-0: Called Strike
3-1: Base on Balls
Batting: RHB Devon Fourcade 0-0: Ball
1-0: Called Strike
1-1: Ball
2-1: Foul Ball, location: 2F
2-2: Foul Ball, location: 2F
2-2: Strikes out swinging
Top of the 11th over - 0 runs, 0 hits, 0 errors, 2 left on base; Greenville 1 - Beloit 1
BOTTOM OF THE 11TH
Beloit Snappers batting - Pitching for Greenville Drive : RHP Roberto Morales
Pitching: RHP Humberto Delgado
Batting: RHB Travis Lanctot 0-0: Foul Ball, location: 2F
0-1: Ball
1-1: Ground out 4-3 (Groundball, 4, EV 100.6 MPH)
Batting: RHB Brian Rathbun 0-0: Swinging Strike
0-1: Ball
1-1: Foul Ball, location: 2F
1-2: Ball
2-2: Foul Ball, location: 2F
2-2: Foul Ball, location: 2F
2-2: Foul Ball, location: 2F
2-2: Strikes out looking
Batting: RHB Willie de los Santos 0-0: Called Strike
0-1: Foul Ball, location: 2F
0-2: Ball
1-2: Ball
2-2: Ball
3-2: Foul Ball, location: 2F
3-2: Ground out 6-3 (Groundball, 6, EV 82.5 MPH)
Bottom of the 11th over - 0 runs, 0 hits, 0 errors, 0 left on base; Greenville 1 - Beloit 1
TOP OF THE 12TH
Greenville Drive batting - Pitching for Beloit Snappers : RHP C.J. Ledger
Batting: RHB David Clark 0-0: Fly out, F9 (Flyball, 9LS, EV 81.3 MPH)
Batting: RHB Mike Cavagnaro 0-0: Ball
1-0: Ball
2-0: Called Strike
2-1: Ground out 6-3 (Groundball, 6, EV 98.1 MPH)
Batting: RHB John Chiesa 0-0: Ball
1-0: Ball
2-0: DOUBLE (Flyball, 8RXD, EV 100.6 MPH)
Batting: RHB Adugna Chandu 0-0: Called Strike
0-1: Ball
1-1: Ball
2-1: Ground out 6-3 (Groundball, 6S, EV 89.4 MPH)
Top of the 12th over - 0 runs, 1 hit, 0 errors, 1 left on base; Greenville 1 - Beloit 1
BOTTOM OF THE 12TH
Beloit Snappers batting - Pitching for Greenville Drive : RHP Humberto Delgado
Batting: SHB D.J. Codd 0-0: Called Strike
0-1: Foul Ball, location: 2F
0-2: Foul Ball, location: 2F
0-2: Ground out 4-3 (Groundball, 4, EV 85.0 MPH)
Batting: RHB Diwan Abdul-Salam 0-0: Ball
1-0: Ball
2-0: Ground out 6-3 (Groundball, 56, EV 87.5 MPH)
Batting: RHB Scott Wiggs 0-0: Ball
1-0: Called Strike
1-1: Swinging Strike
1-2: Ball
2-2: Fly out, F9 (Flyball, 9S, EV 91.9 MPH)
Bottom of the 12th over - 0 runs, 0 hits, 0 errors, 0 left on base; Greenville 1 - Beloit 1
TOP OF THE 13TH
Greenville Drive batting - Pitching for Beloit Snappers : RHP C.J. Ledger
Pinch Hitting: SHB Rafael Perez 0-0: Called Strike
0-1: Called Strike
0-2: Ball
1-2: Strikes out looking
Batting: RHB David Norum 0-0: Foul Ball, location: 2F
0-1: Fly out, F7 (Flyball, 78D, EV 86.3 MPH)
Batting: RHB Larry Brocato 0-0: Ball
1-0: Ball
2-0: Called Strike
2-1: Ball
3-1: Foul Ball, location: 2F
3-2: Fly out, F8 (Flyball, 8LD, EV 108.8 MPH)
Top of the 13th over - 0 runs, 0 hits, 0 errors, 0 left on base; Greenville 1 - Beloit 1
BOTTOM OF THE 13TH
Beloit Snappers batting - Pitching for Greenville Drive : RHP Humberto Delgado
Now at C: Rafael Perez
Batting: LHB Nick Pacheco 0-0: Ball
1-0: Called Strike
1-1: Foul Ball, location: 2F
1-2: Foul Ball, location: 2F
1-2: Ball
2-2: SINGLE (Groundball, 34D, EV 107.5 MPH)
Batting: RHB Jim Conrad 0-0: Ball
1-0: Ball
2-0: Ball
3-0: Fly out, F7 (Flyball, 7LS, EV 87.5 MPH)
Batting: RHB Rick Linders 0-0: Fielders Choice at 2nd, 5-4 (Groundball, 56, EV 106.3 MPH)
Batting: RHB Travis Lanctot 0-0: Fly out, F7 (Flyball, 7LM, EV 90.0 MPH)
Bottom of the 13th over - 0 runs, 1 hit, 0 errors, 1 left on base; Greenville 1 - Beloit 1
TOP OF THE 14TH
Greenville Drive batting - Pitching for Beloit Snappers : RHP C.J. Ledger
Batting: LHB Sergio Tinoco 0-0: Foul Ball, location: 2F
0-1: Ball
1-1: Ball
2-1: Ball
3-1: Called Strike
3-2: Foul Ball, location: 2F
3-2: Ground out 6-3 (Groundball, 56, EV 83.8 MPH)
Pitching: LHP Jimmy Ford
Batting: RHB Devon Fourcade 0-0: Called Strike
0-1: Foul Ball, location: 2F
0-2: Strikes out swinging
Batting: RHB David Clark 0-0: Called Strike
0-1: Hit by Pitch
Batting: RHB Mike Cavagnaro 0-0: Called Strike
0-1: Swinging Strike
0-2: Foul Ball, location: 2F
0-2: Strikes out swinging
Top of the 14th over - 0 runs, 0 hits, 0 errors, 1 left on base; Greenville 1 - Beloit 1
BOTTOM OF THE 14TH
Beloit Snappers batting - Pitching for Greenville Drive : RHP Humberto Delgado
Pitching: RHP Tyler Carriger
Batting: RHB Brian Rathbun 0-0: Called Strike
0-1: Ball
1-1: Ground out 6-3 (Groundball, 6, EV 88.1 MPH)
Batting: RHB Willie de los Santos 0-0: SINGLE (Groundball, 4M, EV 94.4 MPH) (infield hit)
Batting: SHB D.J. Codd 0-0: Ball
1-0: Ball
2-0: Ball
3-0: Called Strike
3-1: Base on Balls
Willie de los Santos to second
Batting: RHB Diwan Abdul-Salam 0-0: Called Strike
0-1: Foul Ball, location: 2F
0-2: Ball
1-2: Foul Ball, location: 2F
1-2: Foul Ball, location: 2F
1-2: Strikes out swinging
Batting: RHB Scott Wiggs 0-0: Ball
1-0: Ground out 5-3 (Groundball, 56S, EV 80.6 MPH)
Bottom of the 14th over - 0 runs, 1 hit, 0 errors, 2 left on base; Greenville 1 - Beloit 1
TOP OF THE 15TH
Greenville Drive batting - Pitching for Beloit Snappers : LHP Jimmy Ford
Batting: RHB John Chiesa 0-0: Called Strike
0-1: Ground out 6-3 (Groundball, 6, EV 86.9 MPH)
Batting: RHB Adugna Chandu 0-0: Ball
1-0: Called Strike
1-1: Ball
2-1: Ball
3-1: Ground out 6-3 (Groundball, 6MD, EV 93.8 MPH)
Pinch Hitting: RHB Dan Friess 0-0: Ball
1-0: Ball
2-0: Called Strike
2-1: Foul Ball, location: 2F
2-2: Foul Ball, location: 2F
2-2: Ball
3-2: Fly out, F3 (Popup, 23F, EV 84.4 MPH)
Top of the 15th over - 0 runs, 0 hits, 0 errors, 0 left on base; Greenville 1 - Beloit 1
BOTTOM OF THE 15TH
Beloit Snappers batting - Pitching for Greenville Drive : RHP Tyler Carriger
Now at C: Dan Friess
Batting: LHB Nick Pacheco 0-0: Swinging Strike
0-1: Ball
1-1: Ball
2-1: SINGLE (Groundball, 13S, EV 73.1 MPH) (infield hit)
Batting: RHB Jim Conrad 0-0: Ball
1-0: Called Strike
1-1: Foul Ball, location: 2F
1-2: Ball
2-2: Ball
3-2: Base on Balls
Nick Pacheco to second
Pinch Runner at 2nd Manny Moron:
Batting: RHB Rick Linders 0-0: Called Strike
Manny Moron steals 3rd base
0-1: Called Strike
0-2: Strikes out swinging
Batting: RHB Travis Lanctot 0-0: Ball
1-0: Squeeze Bunt to P - play home, runner OUT, batter safe! 1-2
Jim Conrad to second
Batting: RHB Brian Rathbun 0-0: Ball
1-0: Ball
2-0: Called Strike
2-1: Foul Ball, location: 2F
2-2: Ground out U3 (Groundball, 34S, EV 91.9 MPH)
Bottom of the 15th over - 0 runs, 1 hit, 0 errors, 2 left on base; Greenville 1 - Beloit 1
TOP OF THE 16TH
Greenville Drive batting - Pitching for Beloit Snappers : LHP Jimmy Ford
Batting: RHB David Norum 0-0: Foul Ball, location: 2F
0-1: Swinging Strike
0-2: Ball
1-2: Ball
2-2: SINGLE (Groundball, 6MD, EV 100.0 MPH)
Batting: RHB Larry Brocato Balk!
David Norum to second
0-0: Intentional Walk
Pinch Hitting: RHB Paul Long 0-0: Called Strike
0-1: Ball
1-1: Ball
2-1: Ball
3-1: SINGLE (Groundball, 6MD, EV 100.6 MPH)
David Norum to third
Larry Brocato to second
Batting: RHB Devon Fourcade 0-0: Swinging Strike
0-1: Swinging Strike
0-2: GRAND SLAM HOME RUN (Flyball, 7D, EV 98.1 MPH), Distance : 355 ft
Pitching: RHP Roberto Benavides
Batting: RHB David Clark 0-0: Called Strike
0-1: Ground out 4-3 (Groundball, 4, EV 80.6 MPH)
Batting: RHB Mike Cavagnaro 0-0: Called Strike
0-1: Ball
1-1: Ground out 1-3 (Groundball, 15, EV 70.6 MPH)
Batting: RHB John Chiesa 0-0: Called Strike
0-1: Ball
1-1: Foul Ball, location: 2F
1-2: Ball
2-2: Foul Ball, location: 2F
2-2: Strikes out swinging
Top of the 16th over - 4 runs, 3 hits, 0 errors, 0 left on base; Greenville 5 - Beloit 1
BOTTOM OF THE 16TH
Beloit Snappers batting - Pitching for Greenville Drive : RHP Tyler Carriger
Now in LF: Dan Sorrow
Batting: RHB Willie de los Santos 0-0: Foul Ball, location: 2F
0-1: Ball
1-1: Ball
2-1: Ball
3-1: Base on Balls
Batting: SHB D.J. Codd 0-0: Called Strike
0-1: Ball
1-1: Grounds into double play, 6-4-3 (Groundball, 6, EV 88.8 MPH)
Batting: RHB Diwan Abdul-Salam 0-0: Called Strike
0-1: Ground out 6-3 (Groundball, 6, EV 80.0 MPH)
Bottom of the 16th over - 0 runs, 0 hits, 0 errors, 0 left on base; Greenville 5 - Beloit 1
Thursday, March 31st , 2022 - OOTP Baseball 22.12 Build 89